 Dungeon Crawl Stone Soup version 0.31.0-4-g52a2dc7128 (webtiles) character file.

Game seed: 16015478614576748564

38 Esekla the Grasshopper (level 3, -1/20 HPs)
             Began as a Deep Elf Warper on Jan 22, 2024.
             Slain by a ribbon worm (4 damage)
             ... on level 2 of the Dungeon.
             The game lasted 00:05:33 (1244 turns).

Esekla the Grasshopper (Deep Elf Warper)            Turns: 1244, Time: 00:05:33

Health: -1/20      AC:  3    Str:  8    XL:     3   Next: 25%
Magic:  7/9        EV: 12    Int: 19    God:
Gold:   152        SH:  0    Dex: 14    Spells: 6/8 levels left

rFire   . . .        a - +0 falchion
rCold   . . .        (no shield)
rNeg    . . .        b - +0 leather armour
rPois   .            (no helmet)
rElec   .            (no cloak)
rCorr   .            (no gloves)
SInv    .            (no boots)
Will    .....        (no amulet)
Stlth   +            (no ring)
HPRegen 0.23/turn    (no ring)
MPRegen 0.11/turn

%: no passive effects
@: on blink cooldown
A: no striking features
a: no special abilities


You were on level 2 of the Dungeon.
You visited 1 branch of the dungeon, and saw 3 of its levels.

You collected 152 gold pieces.

Inventory:

Hand Weapons
 a - a +0 falchion (weapon)
Missiles
 d - 6 darts of dispersal (quivered)
Armour
 b - a +0 leather armour (worn)
Wands
 l - a wand of flame (19)
Scrolls
 c - a scroll of blinking
 e - a scroll of fear {unknown}
 f - a scroll of teleportation {unknown}
 g - 3 scrolls of revelation {unknown}
 h - a scroll of fog {unknown}
 j - a scroll of immolation {unknown}
Potions
 i - a potion of mutation {unknown}
 k - a potion of invisibility {unknown}


   Skills:
 - Level 1.5 Fighting
 + Level 2.1 Long Blades
 + Level 1.0 Throwing
 + Level 1.1 Armour
 * Level 3.2 Dodging
 + Level 1.0 Stealth
 * Level 3.4 Spellcasting
 + Level 3.4 Translocations


You had 6 spell levels left.
You knew the following spells:

 Your Spells              Type           Power      Damage    Failure   Level
b - Blink                 Tloc           32%        N/A       8%          2

Your spell library contained the following spells:

 Spells                   Type           Power      Damage    Failure   Level
 Lesser Beckoning         Tloc           32%        N/A       8%          2
 Teleport Other           Tloc           16%        N/A       16%         3
 Summon Small Mammal      Summ           12%        N/A       21%         1
 Manifold Assault         Tloc           16%        N/A       45%         4
 Call Canine Familiar     Summ           3%         N/A       52%         3
 Vhi's Electric Charge    Tloc/Air       18%        N/A       69%         4
 Summon Blazeheart Golem  Fire/Summ      3%         N/A       90%         4


Dungeon Overview and Level Annotations

Branches:
Dungeon (3/15)

Altars:


Message History

The bat completely misses you. The ribbon worm closely misses you.
You hit the ribbon worm.
The ribbon worm is moderately wounded.
The bat completely misses you. The ribbon worm bites you.
You hit the ribbon worm.
The ribbon worm is moderately wounded.
The bat hits you but does no damage. The bat completely misses you.
The ribbon worm bites you!
You hit the ribbon worm but do no damage.
The ribbon worm is moderately wounded.
The bat hits you but does no damage. x2; The ribbon worm bites you.
You hit the ribbon worm.
The ribbon worm is heavily wounded.
The bat closely misses you. x2
The ribbon worm expels a string of sticky webbing.
The stream of webbing misses you.
You hit the ribbon worm.
The ribbon worm is severely wounded.
The bat completely misses you. The ribbon worm bites you.
* * * LOW HITPOINT WARNING * * *
Casting: Blink (safe; 8% risk of failure)
Confirm with . or Enter, or press ? or * to list all spells.
You blink.
Found a mace.
You hit the dart slug.
The dart slug is almost dead.
The dart slug bites you but does no damage.
You hit the dart slug.
The dart slug is almost dead.
The bat hits you but does no damage. The bat barely misses you.
You hit the dart slug.
You kill the dart slug!
The bat misses you.
Casting: Blink (safe; 8% risk of failure)
Confirm with . or Enter, or press ? or * to list all spells.
Okay, then.
You hit the ribbon worm but do no damage.
The ribbon worm is heavily wounded.
The bat closely misses you. The bat hits you but does no damage.
The ribbon worm bites you.
You die...

..........# ##.......##
#......# ##.........#
#####.#####..........#
#.....# #....>......# .
#.....####.#.).......#
....#.....##.b.#.........#
..........†..##.........##
####....##w#.........#.####
..........@b.####..###.....
.............# #..#.......
..............# #...#......
.....<........###.###......
..................#........
..............##...........
...........####.........
....)....... #.........
#......#######


You could see a ribbon worm and a bat.

Vanquished Creatures
  A dart slug (D:2)
  3 endoplasms
  3 giant cockroaches
  2 goblins
  3 hobgoblins
  8 jackals (D:1)
  A quokka (D:3)
  A bat (D:1)
  A frilled lizard (D:3)
  A kobold (D:1)
  8 rats (D:1)
32 creatures vanquished.

Notes
Turn   | Place    | Note
-------+----------+-------------------------------------------
     0 | D:1      | Esekla the Deep Elf Warper began the quest for the Orb.
     0 | D:1      | Reached XP level 1. HP: 12/12 MP: 6/6
   343 | D:1      | Reached XP level 2. HP: 10/16 MP: 8/8
   357 | D:1      | Learned a level 2 spell: Blink
  1023 | D:1      | You fall into a shaft and drop 1 floor!
  1066 | D:2      | Reached XP level 3. HP: 14/20 MP: 9/9
  1108 | D:2      | Reached skill level 1 in Stealth
  1219 | D:2      | Reached skill level 1 in Armour
  1239 | D:2      | HP: 1/20 [ribbon worm (6)]
  1244 | D:2      | Slain by a ribbon worm

Illustrated notes

Levels and vault maps discovered:
D:1:      ncdulo_watergridlock, layout_basic, minmay_rat_gold_closets
D:2:      layout_rooms, chequers_serial_rivers_room_a, minmay_pentomino_z2,
          uniq_crazy_yiuf_cottage
D:3:      layout_basic, mainiacjoe_overflow_six_doors_small,
          hellmonk_ecumenical_altar_watching_god, saegor_snake_ambush,
          uniq_pargi

Skill      XL: |  1  2  3 |
---------------+----------+-----
Dodging        | 3 |  3.2
Long Blades    | 2 |  2.1
Stealth        | 1 |  1.0
Armour         | 1 |  1.1
Fighting       | |  1.5
Throwing       | |  1.0
Spellcasting   | |  3.4
Translocations | |  3.4

Action                     || total
---------------------------++-------
  Melee: Falchion          ||   127
         Punch             ||     1
  Throw: Dart              ||     1
   Cast: Blink             ||     1
   Stab: Sleeping          ||     4
 Armour: Leather armour    ||    90
  Dodge: Dodged            ||   102
